 Dungeon Crawl Stone Soup version 0.30-a0-857-gcaf70739d4 (webtiles) character file.

Game seed: 8655769844021052830

75 bande the Trooper (level 4, -3/29 HPs)
             Began as a Gargoyle Fighter on Mar 6, 2023.
             Slain by an orc
             ... wielding a +0 heavy falchion
              (10 damage)
             ... on level 3 of the Dungeon.
             The game lasted 00:02:46 (1550 turns).

bande the Trooper (Gargoyle Fighter)                Turns: 1550, Time: 00:02:46

Health: -3/29      AC: 10    Str: 20    XL:     4   Next: 31%
Magic:  4/4        EV:  9    Int:  8    God:
Gold:   77         SH:  0    Dex: 11    Spells: 3/3 levels left

rFire   . . .      SeeInvis .    a - +0 war axe
rCold   . . .      Faith    .    c - +0 buckler
rNeg    + . .      Spirit   .    b - +0 scale mail
rPois   ∞          Reflect  .    (no helmet)
rElec   +          Rampage  .    (no cloak)
rCorr   .                        (no gloves)
Will    .....                    (no boots) Stlth
                                 (no amulet)
HPRegen 0.24/turn                (no ring)
MPRegen 0.09/turn                (no ring)

@: confused
A: sickness immunity, AC +3, negative energy resistance 1, electricity
resistance, torment resistance 1, petrification resistance
a: no special abilities


You were on level 3 of the Dungeon.
You visited 1 branch of the dungeon, and saw 3 of its levels.

You collected 77 gold pieces.

Inventory:

Hand Weapons
 a - a +0 war axe (weapon)
Armour
 b - a +0 scale mail (worn)
 c - a +0 buckler (worn)
Jewellery
 r - an amulet of the acrobat
Scrolls
 e - a scroll of enchant weapon {unknown}
 f - a scroll of fear {unknown}
 g - a scroll of identify {unknown}
 h - a scroll of immolation {unknown}
 j - a scroll of noise {unknown}
 o - a scroll of teleportation {unknown}
Potions
 d - 4 potions of might
 i - a potion of heal wounds {unknown}
 k - a potion of magic {unknown}
 l - 2 potions of brilliance {unknown}
 m - a potion of mutation {unknown}
 n - a potion of lignification {unknown}
 p - a potion of curing {unknown}
 q - 2 potions of flight {unknown}


   Skills:
 + Level 3.8 Fighting
 + Level 2.9 Axes
 + Level 3.7 Armour
 + Level 3.8 Shields


You had 3 spell levels left.
You didn't know any spells.
Your spell library contained the following spells:

 Spells                   Type           Power      Damage    Failure   Level
 Freeze                   Ice            0%         1d3       85%         1
 Frozen Ramparts          Ice            0%         1d1       99%         3
 Hailstorm                Conj/Ice       0%         3d3       99%         3
 Inner Flame              Hex/Fire       0%         N/A       99%         3
 Cause Fear               Hex            0%         N/A       100%        4
 Discord                  Hex            0%         N/A       100%        8


Dungeon Overview and Level Annotations

Branches:
Dungeon (3/15)

Altars:
Ru

Shops:
D:1 *(*[=   D:2 :


Innate Abilities, Weirdness & Mutations

You are immune to sickness and miasma.
Your stone body is resilient. (AC +3)
You are immune to poison.
You resist negative energy. (rN+)
You are resistant to electric shocks. (rElec)
You are resistant to unholy torment.
You are immune to petrification.


Message History

The orc hits you but does no damage.
You are too injured to fight recklessly!
You are too injured to fight recklessly!
You are too injured to fight recklessly!
You are too injured to fight recklessly!
You are too injured to fight recklessly!
You are too injured to fight recklessly!
You are too injured to fight recklessly!
You are too injured to fight recklessly!
You are too injured to fight recklessly!
You closely miss the orc.
The orc is severely wounded.
You barely miss something. You hit the orc. Something hits you.
The orc hits you but does no damage. The orc barely misses you.
You closely miss the orc.
The orc is severely wounded.
You hit the orc. You miss something. You hit the orc but do no damage.
The orc closely misses you. Something hits you but does no damage.
The orc barely misses you. Something hits you but does no damage.
The orc closely misses you. The orc hits you but does no damage.
The orc barely misses you.
You closely miss the orc.
The orc is severely wounded.
You closely miss the orc. You miss something. You hit the orc but do no damage.
The orc hits you but does no damage. x2; Something hits you but does no damage.
The orc hits you with a +0 heavy falchion.
* * * LOW HITPOINT WARNING * * *
You closely miss the orc.
The orc is severely wounded.
You closely miss the orc. You hit something. You hit the orc but do no damage.
The orc hits you but does no damage. Something hits you but does no damage.
The orc barely misses you.
You closely miss the orc.
The orc is severely wounded.
You hit the orc but do no damage. You barely miss the orc. You hit something.
You hear some strange, mumbled words.
You are confused.
The orc hits you but does no damage. The orc misses you.
The orc hits you with a +0 heavy falchion!
You die... ..... .. #...##. #...... ..... #...# #...# #ooo#

######.@.######
#.............##
.?..<...(......<
#.............#
######...######
#...# #...#
######.).#
.........#


You could see 3 orcs.

Vanquished Creatures
  4 adders (D:2)
  A worm (D:2)
  A dart slug (D:1)
  6 ball pythons (D:1)
  2 endoplasms (D:1)
  A hobgoblin (D:2)
  3 kobolds
  5 bats
  3 frilled lizards
  7 goblins
  4 rats
37 creatures vanquished.

Notes
Turn   | Place    | Note
-------+----------+-------------------------------------------
     0 | D:1      | bande the Gargoyle Fighter began the quest for the Orb.
     0 | D:1      | Reached XP level 1. HP: 14/14 MP: 1/1
    40 | D:1      | Found Zoagheal's Jewellery Shop.
    59 | D:1      | Found Miat's Armour Shoppe.
   143 | D:1      | Found Ywokedih's Assorted Antiques.
   150 | D:1      | Reached XP level 2. HP: 19/19 MP: 2/2
   399 | D:1      | Found Seocs's General Store.
   496 | D:1      | Found Uvay's Weapon Shop.
   811 | D:2      | Reached XP level 3. HP: 23/23 MP: 3/3
   858 | D:2      | Found a sacrificial altar of Ru.
   891 | D:2      | Found Fuonah's Book Shoppe.
  1032 | D:2      | Reached XP level 4. HP: 29/29 MP: 4/4
  1550 | D:3      | Slain by an orc

Illustrated notes

Levels and vault maps discovered:
D:1:      giann_bridges, layout_basic, serial_shops, nicolae_shop_trees,
          nicolae_lakefront_shop, shop, nicolae_diamond_shop, shop,
          minmay_tetromino_l2
D:2:      layout_loops_ring, serial_shops, shop, basic_altar,
          chequers_decorated_corner
D:3:      layout_loops_cross, chequers_ecumenical_altar_island, uniq_robin

Skill      XL: |  1  2 |
---------------+-------+-----
Axes           | 2 |  2.9
Fighting       | |  3.8
Armour         | |  3.7
Shields        | |  3.8

Action                     |  1- 3 |  4- 6 || total
---------------------------+-------+-------++-------
  Melee: War axe           |    79 |    31 ||   110
 Armour: Scale mail        |    45 |    23 ||    68
  Dodge: Dodged            |    28 |    17 ||    45
  Block: Buckler           |    15 |     7 ||    22

Table legend: (Time is in decaauts)
 A = Elapsed time spent in this place.
 B = Non-inter-level travel time spent in this place.
 C = Inter-level travel time spent in this place.
 D = Time resting spent in this place.
 E = Time spent auto-exploring this place.
 F = Levels seen in this place.
 G = Mean time per level.
                   A        B        C        D        E       F      G
               +--------+--------+--------+--------+--------+-----+--------+
         Total |   1596 |   1545 |     51 |      0 |   1230 |   3 |  532.0 |
       Dungeon |   1596 |   1545 |     51 |      0 |   1230 |   3 |  532.0 |
               +--------+--------+--------+--------+--------+-----+--------+

Top non-repeatable levels by time:
     D:1: 817 daAuts
     D:2: 741 daAuts
     D:3: 37 daAuts
